AoeStats
← Malik Bhai

African Clearing

506347847Analyzed
3v3 RM · 19d ago on Sep 13, 2026· 64m 3s· 6 players
Game mode
Random Map
Map size
Normal (6 player)
Population
200
Speed
Normal
Resources
Standard
Victory
Conquest
Starting age
Dark Age
Ending age
Imperial Age
RankedLock teamsTeams togetherTeam positionsShared explorationLock speedFull tech treeHidden civsTurbo modeCheats
Victory
Defeat
🇵🇰 Persians · Pakistan
1730
+16
🇵🇰 Gurjaras · Pakistan
1557
+23
🇦🇷 Berbers · Argentina
1534
+24
🇪🇸 Japanese · Spain
1836
-26
🇬🇧 Wu · United Kingdom
1679
-19
🇪🇸 Dravidians · Spain
1654
-18
MiE_Windshield Viper
12:57 Feudal Age
12:28 Loom
17:00 Castle Age
15:07 Double-Bit Axe
17:59 Bow Saw
18:57 Fletching
23:25 Bodkin Arrow
30:51 Ballistics
38:00 Horse Collar
39:24 Wheelbarrow
39:16 Town Watch
41:00 Hand Cart
44:11 Stone Mining
49:11 Imperial Age
46:50 Gold Mining
48:09 Kasbah
48:55 Stone Shaft Mining
49:36 Thumb Ring
49:37 Husbandry
50:35 Gold Shaft Mining
49:31 Elite Camel Archer
50:18 Bracer
50:20 Padded Archer Armor
51:04 Caravan
52:44 Maghrebi Camels
53:02 Leather Archer Armor
54:26 Chemistry
53:34 Siege Engineers
54:35 Ring Archer Armor
58:05 Conscription
60:11 Guard Tower
60:21 Treadmill Crane
60:28 Arrowslits
61:36 Murder Holes
64:53 Hoardings
Aaag Boy 1
5:05 Loom
12:12 Feudal Age
12:38 Double-Bit Axe
14:01 Horse Collar
22:01 Castle Age
20:36 Bloodlines
20:46 Gold Mining
22:04 Scale Barding Armor
32:26 Wheelbarrow
32:20 Bow Saw
36:55 Imperial Age
35:52 Forging
35:43 Husbandry
36:39 Chain Barding Armor
36:57 Coinage
36:54 Hand Cart
37:00 Hand Cart
37:55 Iron Casting
37:43 Conscription
38:08 Ballistics
38:24 Elite War Elephant
40:53 Plate Barding Armor
40:57 Stone Mining
42:11 Town Watch
44:56 Blast Furnace
47:40 Banking
51:09 Town Patrol
51:03 Fletching
52:56 Devotion
55:24 Guilds
55:15 Caravan
63:04 Two-Man Saw
62:04 Heavy Plow
Malik Bhai
6:42 Loom
12:48 Feudal Age
14:44 Double-Bit Axe
16:03 Horse Collar
18:54 Castle Age
17:07 Horse Collar
21:30 Bow Saw
22:12 Wheelbarrow
32:17 Imperial Age
30:37 Fletching
30:51 Gold Mining
31:32 Hand Cart
31:20 Heavy Plow
32:14 Kshatriyas
32:05 Stone Mining
33:03 Scale Mail Armor
33:19 Elite Chakram Thrower
35:19 Ballistics
35:09 Scale Barding Armor
35:07 Padded Archer Armor
35:25 Chain Mail Armor
35:06 Siege Elephant
36:03 Clinker Construction
36:46 Conscription
37:49 Scale Barding Armor
37:55 Forging
38:07 Frontier Guards
38:52 Chain Barding Armor
37:54 Heavy Camel Rider
38:45 Bloodlines
40:02 Iron Casting
39:28 Husbandry
44:04 Plate Mail Armor
49:19 Chemistry
48:39 Carvel Hull
49:38 Light Cavalry
51:39 Hoardings
52:44 Masonry
52:55 Carvel Hull
54:39 Plate Barding Armor
53:33 Hussar
63:59 Arson
FireFarts
12:04 Feudal Age
15:42 Castle Age
15:03 Double-Bit Axe
15:04 Horse Collar
15:48 Loom
16:56 Bow Saw
20:43 Town Watch
24:15 Pikeman
26:37 Wheelbarrow
27:13 Fletching
27:23 Padded Archer Armor
27:11 Elite Skirmisher
29:11 Heavy Plow
30:46 Hand Cart
32:03 Gold Mining
32:03 Stone Mining
35:27 Imperial Age
33:25 Thumb Ring
33:57 Bodkin Arrow
34:53 Ballistics
37:20 Chemistry
36:21 Bracer
37:07 Leather Archer Armor
36:57 Elite Elephant Archer
38:06 Conscription
38:56 Coinage
39:06 Masonry
40:32 Ring Archer Armor
40:58 Banking
40:29 Caravan
40:42 Guilds
40:27 Gambesons
40:43 Squires
40:17 Halberdier
40:57 Scale Mail Armor
42:31 Chain Mail Armor
42:27 Forging
43:53 Medical Corps
44:25 Hoardings
44:21 Plate Mail Armor
46:42 Iron Casting
46:05 Arson
48:52 Blast Furnace
47:31 Heavy Scorpion
62:30 Town Patrol
Bixiyo
12:45 Loom
15:15 Feudal Age
18:39 Castle Age
16:39 Fishing Lines
17:59 Fletching
18:28 Double-Bit Axe
20:25 Bodkin Arrow
21:22 Padded Archer Armor
23:49 Ballistics
23:37 Gillnets
24:52 Town Watch
28:38 Gold Mining
36:40 Horse Collar
38:18 Wheelbarrow
38:06 Stone Mining
42:22 Imperial Age
40:15 Bow Saw
41:08 Squires
41:29 Hand Cart
41:50 Scale Mail Armor
43:05 Chain Mail Armor
43:42 Gold Shaft Mining
42:36 Elite Samurai
42:59 Pikeman
45:08 Halberdier
46:36 Conscription
47:09 Plate Mail Armor
46:50 Forging
47:37 Yasama
48:54 Guard Tower
50:07 Iron Casting
52:01 Heavy Plow
52:39 Bow Saw
52:50 Bracer
54:52 Two-Man Saw
54:57 Blast Furnace
61:27 Keep
62:30 Caravan
[R1] andres_rod
6:10 Loom
13:02 Feudal Age
17:34 Castle Age
16:11 Double-Bit Axe
23:23 Fletching
26:46 Bodkin Arrow
34:08 Ballistics
36:49 Padded Archer Armor
37:21 Stone Mining
39:32 Wheelbarrow
40:57 Red Cliffs Tactics
45:25 Imperial Age
42:55 Gold Mining
44:50 Scale Mail Armor
45:01 Forging
44:14 Pikeman
44:55 Squires
44:44 Arson
45:05 Horse Collar
46:33 Heavy Plow
47:23 Chain Mail Armor
47:44 Iron Casting
47:02 Pikeman
49:32 Bow Saw
50:11 Hand Cart
51:30 Halberdier
53:28 Plate Mail Armor
55:36 Iron Casting
56:00 Town Watch
57:38 Blast Furnace
60:37 Bloodlines
61:03 Husbandry
62:38 Conscription
62:20 Heavy Hei Guang Cavalry
64:21 Chemistry
Connection lost

Rejoining the realm…

Still unreachable

The connection could not be restored.

Session expired

The server has moved on; the page needs a fresh start.